 Dungeon Crawl Stone Soup version 0.30.0-11-gf55b779eaf (webtiles) character file.

Game seed: 8452387637172078060

283203 Persephone the Messiah (level 20, -13/204 HPs)
             Began as a Hill Orc Fighter on May 15, 2023.
             Was the Champion of Beogh.
             Mangled by a sphinx (16 damage)
             ... while paralysed by a sphinx
             ... on level 4 of the Vaults on May 17, 2023.
             The game lasted 01:52:28 (43587 turns).

Persephone the Messiah (Hill Orc Fighter)          Turns: 43587, Time: 01:52:29

Health: -13/204    AC: 28    Str: 29      XL:     20   Next: 55%
Magic:  35/35      EV: -1    Int:  9 (10) God:    Beogh [******]
Gold:   925        SH:  0    Dex: 11 (12) Spells: 19/19 levels left

rFire   + + +        k - +10 broad axe "Veinut" {flame, Will+}
rCold   + + +        T - +2 tower shield {AC+3}
rNeg    + . .        w - +9 ring mail of the Undertaker {-Cast rF++ SInv}
rPois   +            O - +1 hat "Jokur" {rElec Str+3}
rElec   +            Z - +1 cloak "Guim" {Drain rC+++ rN+ Stlth+}
rCorr   .            H - +0 pair of gloves
SInv    +            U - +1 pair of boots of Time Monsters {Dex+2}
Will    ++...        j - amulet of reflection
Stlth   ++           Y - ring of protection from fire
HPRegen 0.54/turn    J - ring of poison resistance
MPRegen 0.24/turn

%: no spellcasting, reflection
@: paralysed, constricted, studying Short Blades
A: walk on water, deterioration 1
}: 2/15 runes: decaying, serpentine
a: Renounce Religion, Smiting, Recall Orcish Followers, Give Item to Named
Follower, Resurrection


You were on level 4 of the Vaults.
You worshipped Beogh.
Beogh was exalted by your worship.
You visited 8 branches of the dungeon, and saw 38 of its levels.
You also visited: Ossuary.

You collected 3195 gold pieces.
You spent 2270 gold pieces at shops.

Inventory:

Hand Weapons
 k - the +10 broad axe "Veinut" (weapon) {flame, Will+}
   (You acquired it in an ossuary)

   Will:      It increases your willpower.
Missiles
 v - 5 throwing nets
Armour
 t - a +5 kite shield of positive energy
 w - the +9 ring mail of the Undertaker (worn) {-Cast rF++ SInv}
   (You found it on level 3 of the Dungeon)

   rF:        It greatly protects you from fire.
   SInv:      It lets you see invisible.
   -Cast:     It prevents spellcasting.
 H - a +0 pair of gloves (worn)
 O - the +1 hat "Jokur" (worn) {rElec Str+3}
   (You bought it in a shop on level 9 of the Dungeon)

   Str:       It affects your strength (+3).
   rElec:     It insulates you from electricity.
 T - a +2 tower shield of protection (worn)
 U - the +1 pair of boots of Time Monsters (worn) {Dex+2}
   (You found it on level 4 of the Snake Pit)

   Dex:       It affects your dexterity (+2).
 Z - the +1 cloak "Guim" (worn) {Drain rC+++ rN+ Stlth+}
   (You bought it in a shop on level 1 of the Snake Pit)

   rC:        It renders you almost immune to cold.
   rN:        It protects you from negative energy.
   Drain:     It drains your maximum health when unequipped.
   Stlth:     It makes you more stealthy.
Jewellery
 c - a +5 ring of evasion
 f - a ring of protection from cold
 j - an amulet of reflection (around neck)
 u - an amulet of regeneration
 J - a ring of poison resistance (right hand)
 Y - a ring of protection from fire (left hand)
Wands
 x - a wand of charming (8)
 I - a wand of digging (13)
Scrolls
 b - 13 scrolls of identify
 g - 4 scrolls of poison
 n - 11 scrolls of teleportation
 r - a scroll of brand weapon
 y - 7 scrolls of magic mapping
 A - 6 scrolls of fog
 B - 2 scrolls of butterflies
 C - 8 scrolls of enchant weapon
 E - 5 scrolls of blinking
 F - 4 scrolls of enchant armour
 L - 6 scrolls of amnesia
 S - 2 scrolls of fear
 X - 5 scrolls of noise
Potions
 a - 3 potions of resistance
 d - 4 potions of might
 e - 5 potions of ambrosia
 h - 7 potions of brilliance
 i - 6 potions of lignification
 l - 9 potions of flight
 m - 8 potions of attraction
 o - 16 potions of curing
 p - 5 potions of degeneration
 q - 2 potions of heal wounds
 s - 4 potions of cancellation
 z - 10 potions of mutation
 G - 3 potions of berserk rage
 K - 8 potions of haste
 M - 4 potions of magic
 N - 3 potions of invisibility
Miscellaneous
 P - a lightning rod (4/4) (quivered)
 Q - a box of beasts


   Skills:
 + Level 23.5 Fighting
 - Level 18.0 Axes
 + Level 14.1 Armour
 - Level 6.2 Dodging
 + Level 14.1 Shields
 + Level 23.7 Invocations
 + Level 8.5 Evocations


You had 19 spell levels left.
You didn't know any spells.
Your spell library contained the following spells:

 Spells                   Type           Power      Damage    Failure   Level
 Apportation              Tloc           0%         N/A       75%         1
 Necrotise                Necr           0%         1d4       75%         1
 Summon Small Mammal      Summ           0%         N/A       75%         1
 Sublimation of Blood     Necr           0%         N/A       87%         2
 Wereblood                Tmut           0%         N/A       87%         2
 Call Canine Familiar     Summ           0%         N/A       98%         3
 Inner Flame              Hex/Fire       0%         N/A       98%         3
 Portal Projectile        Hex/Tloc       0%         N/A       98%         3
 Summon Guardian Golem    Hex/Summ       0%         N/A       98%         3
 Tukima's Dance           Hex            0%         N/A       98%         3
 Vampiric Draining        Necr           0%         2d6       98%         3
 Anguish                  Hex/Necr       0%         N/A       100%        4
 Animate Armour           Summ/Erth      0%         N/A       100%        4
 Cause Fear               Hex            0%         N/A       100%        4
 Flame Wave               Conj/Fire      0%         2d4       100%        4
 Leda's Liquefaction      Hex/Erth       0%         N/A       100%        4
 Passage of Golubria      Tloc           0%         N/A       100%        4
 Sticky Flame             Conj/Fire      0%         2d3       100%        4
 Agony                    Necr           0%         N/A       100%        5
 Alistair's Intoxication  Tmut/Pois      0%         N/A       100%        5
 Blade Hands              Tmut           0%         N/A       100%        5
 Lee's Rapid Deconstruct  Erth           0%         3d4*      100%        5
 Silence                  Hex/Air        0%         N/A       100%        5
 Yara's Violent Unravell  Hex/Tmut       0%         3d3       100%        5
 Iron Shot                Conj/Erth      0%         9d1       100%        6
 Statue Form              Tmut/Erth      0%         N/A       100%        6
 Enfeeble                 Hex            0%         N/A       100%        7
 Summon Hydra             Summ           0%         N/A       100%        7
 Lehudib's Crystal Spear  Conj/Erth      0%         10d2      100%        8


Dungeon Overview and Level Annotations

Branches:
Dungeon (15/15)            Temple (0/1) D:4            Lair (5/5) D:11
  Swamp (4/4) Lair:3        Snake (4/4) Lair:2        Slime (1/5) Lair:5
    Orc (2/2) D:10            Elf (2/3) Orc:2        Vaults (5/5) D:13
  Crypt (0/3) Vaults:2     Depths (0/4) D:15        Ossuary (visited)

Altars:
Cheibriados
Makhleb
Vehumet
Wu Jian
Beogh
Jiyva

Shops:
D:9 [[[*:   Orc:1 (   Orc:2 [!*?   Snake:1 *   Snake:3 *:   Vaults:2 ?(?

Annotations:
D:14 1 runed translucent door, Jaliuk's ghost, journeyman DECj
D:15 4 transporters
Lair:4 exclusion: oklob plant
Lair:5 exclusion: obsidian statue
Snake:4 1 transporter, Akuuror's ghost, adept GrFi


Innate Abilities, Weirdness & Mutations

You can walk on water.
Your body sometimes deteriorates upon taking damage.


Message History

There is a stone staircase leading down, spattered with blood here.
You are too injured to fight recklessly!
Unknown command.
You are too injured to fight recklessly!
Unknown command.
You are too injured to fight recklessly!
You slice the titan!! You burn the titan.
The titan is heavily wounded.
You slash the tentacled monstrosity! You burn the tentacled monstrosity.
You hit the sphinx. You burn the sphinx.
The sphinx casts a spell.
You suddenly lose the ability to move!
The titan hits you!
The tentacled monstrosity tentacle-slaps you but does no damage. x3
The tentacled monstrosity grabs you.
The tentacled monstrosity constricts you.
The sphinx hits you!
The sphinx hits you but does no damage. x2
Bogfrid unwields the +11 arbalest of Qiyp {flame, rElec Str+5}.
It stops flaming.
Bogfrid wields a +1 flail.
Bogfrid hits the titan with a +1 flail!!
The titan hits you!
The tentacled monstrosity tentacle-slaps you.
The tentacled monstrosity tentacle-slaps you but does no damage.
The tentacled monstrosity tentacle-slaps you.
The tentacled monstrosity constricts you!
The sphinx hits you but does no damage. The sphinx hits you.
The sphinx hits you but does no damage. The titan hits you!!!
* * * LOW HITPOINT WARNING * * *
Your body deteriorates!
You feel dopey.
Bogfrid barely misses the titan.
The sphinx hits you!
* * * LOW HITPOINT WARNING * * *
The sphinx hits you.
* * * LOW HITPOINT WARNING * * *
The sphinx hits you but does no damage.
The tentacled monstrosity tentacle-slaps you but does no damage. x3
The tentacled monstrosity constricts you.
The titan hits you!
* * * LOW HITPOINT WARNING * * *
Bogfrid hits the titan with a +1 flail!
The sphinx hits you!
You die...

...#...#)..#
#......#....
...#...#...#
#......#....
..'#...#'..#
#......#....
###.....############
#......#....
...........'.......#
#......#....
.....#.....#.......#
#......#....
...........#.......#
#......#....
###.....####..o[H$.#
#......#..:^
..'#...#'..#...C@).#
########....
...#...#...#...[[X.#
#....
...#...#...#########
#.... '###########
#.... .....# #....
.....# #.... >....#
#.... .....# #....
.....# ########
#....


You could see a tentacled monstrosity, a titan (ally target), a sphinx and the
friendly Bogfrid the orc warlord.

Vanquished Creatures
  Vashnia (Snake:3)
  Bai Suzhen (Swamp:3)
  2 tentacled monstrosities (Vaults:5)
  2 titans (Vaults:4)
  4 sphinxes
  Agnes (Elf:1)
  A thorn hunter (Swamp:2)
  A shadow dragon (Vaults:5)
  Donald (Elf:1)
  A frost giant (D:15)
  3 nagarajas (Snake:4)
  3 vault wardens
  A fenstrider witch (Swamp:1)
  A ghoul (Swamp:4)
  Aizul (Snake:1)
  2 war gargoyles (Vaults:2)
  6 very ugly things
  12 ironbound preservers
  2 stone giants (Vaults:4)
  4 ironbound thunderhulks
  An eleionoma (Swamp:4)
  4 bunyips
  5 dire elephants
  Azrael (Snake:3)
  2 ettins
  2 crystal guardians (Vaults:1)
  A deep elf high priest (Vaults:2)
  5 yaktaur captains
  A great orb of eyes (Vaults:2)
  A fire dragon (D:11)
  14 hydras
  A ghost crab (Lair:3)
  3 peacekeepers
  21 vault guards
  An ogre mage (Orc:2)
  4 ironbound frosthearts
  7 anacondas
  14 centaur warriors
  2 tengu warriors
  4 alligators
  A death yak (Lair:5)
  5 two-headed ogres
  4 boulder beetles
  2 dancing weapons (Elf:1)
  A deep troll earth mage (Vaults:4)
  4 shock serpents
  11 naga warriors
  4 orc high priests (Orc:2)
  2 deep elf knights (Elf:1)
  12 naga sharpshooters
  2 salamander mystics
  2 spectral death yaks
  Amaemon (Lair:2)
  A skyshark (Lair:5)
  6 sea snakes
  8 skeletal warriors
  A glowing orange brain (Vaults:4)
  A spriggan druid (Swamp:2)
  8 swamp dragons
  24 deep trolls
  3 naga ritualists
  A spectral anaconda (Lair:5)
  19 ironbound convokers
  A deep elf archer (Elf:1)
  6 bog bodies (Swamp:4)
  5 wizards
  3 necromancers (Lair:5)
  A phantasmal warrior (Vaults:2)
  2 orc sorcerers (Orc:2)
  19 ugly things
  9 mana vipers
  6 deep elf pyromancers
  3 deep elf zephyrmancers (Elf:2)
  9 salamanders
  2 sphinx skeletons (Vaults:2)
  3 cyclopes
  4 will-o-the-wisps
  A manticore (shapeshifter) (Vaults:4)
  3 manticores
  2 frost giant skeletons (Vaults:2)
  10 elephants
  22 black mambas
  A stone giant skeleton (Vaults:2)
  11 vault sentinels
  An orange demon (Lair:2)
  6 guardian serpents
  5 gargoyles (D:9)
  4 cane toads
  11 naga magi
  An unseen horror (D:13)
  3 rime drakes
  An efreet (D:14)
  6 komodo dragons
  A yaktaur skeleton (Vaults:2)
  11 yaktaurs
  A freezing wraith (Vaults:4)
  A tengu conjurer (D:15)
  2 trolls
  2 polar bears
  2 meliai (D:15)
  5 tyrant leeches
  Prince Ribbit (D:6)
  7 hornets
  19 slime creatures
  8 spriggans
  An air elemental (Elf:1)
  7 humans
  A wyvern (Lair:1)
  2 wraiths
  3 basilisks
  2 water elementals
  A spectral komodo dragon (Lair:3)
  Eustachio (D:5)
  14 yaks
  2 fire elementals
  3 redbacks (Vaults:4)
  A vampire mosquito (D:12)
  42 nagas
  9 wargs (Orc:2)
  A swamp worm (shapeshifter) (Vaults:4)
  Edmund (D:5)
  An acid dragon (D:9)
  A water moccasin (D:8)
  9 swamp worms
  2 hell hounds (Snake:3)
  Duvessa (D:5)
  5 swamp drakes (Swamp:4)
  An ice beast (D:7)
  A sky beast (D:7)
  3 orc warriors
  2 glowing shapeshifter skeletons (Vaults:2)
  8 boggarts
  2 black bears
  6 ogres
  9 wolves
  4 centaurs
  An elephant skeleton (Lair:5)
  2 phantoms (D:5)
  3 kobold brigands (D:9)
  12 bullfrogs
  A necrophage (Swamp:4)
  5 human skeletons (Vaults:2)
  4 scorpions (D:5)
  2 water moccasin zombies (Ossuary)
  4 wights (D:9)
  Dowan (D:5)
  20 killer bees
  An elephant simulacrum (Lair:5)
  2 electric eels
  4 howler monkeys
  5 centaur zombies (Ossuary)
  4 bullfrog zombies (Ossuary)
  4 hounds
  5 jellies
  8 orc priests
  A gnoll bouda (D:6)
  6 iguanas
  Jessica (D:3)
  Ijyb (D:3)
  Natasha (twice) (D:3)
  16 orc wizards
  A scorpion zombie (Ossuary)
  A sleepcap (D:8)
  3 hell rats (Lair:2)
  An ogre zombie (Ossuary)
  A mummy (Ossuary)
  6 gnolls
  13 adders
  A shadow imp (D:7)
  2 white imps
  3 ufetubi (D:5)
  5 adder zombies (Ossuary)
  4 worms
  5 dart slugs
  51 orcs
  13 ball pythons
  10 endoplasms
  5 giant cockroaches
  3 gnoll zombies (Ossuary)
  17 goblins
  9 hobgoblins
  3 jackals (D:4)
  6 quokkas
  7 bats
  2 frilled lizards
  2 goblin zombies (Ossuary)
  4 hobgoblin zombies (Ossuary)
  27 kobolds
  2 orc zombies (Ossuary)
  7 rats
963 creatures vanquished.

Vanquished Creatures (collateral kills)
  the Lernaean hydra (Swamp:4)
  Jorgrun (Orc:1)
  Mlioglotl (Snake:3)
  3 nagarajas (Snake:4)
  A fire giant (Vaults:4)
  A vault warden (Vaults:4)
  An ironbound preserver (Vaults:1)
  Nessos (Lair:3)
  2 ironbound thunderhulks
  A stone giant (Vaults:4)
  A very ugly thing (Vaults:4)
  3 eleionomae
  A dire elephant (Lair:5)
  3 bunyips
  An ettin (Vaults:4)
  A great orb of eyes (Vaults:2)
  7 vault guards
  A yaktaur captain (Vaults:4)
  8 hydras
  A catoblepas (D:13)
  2 ghost crabs (Swamp:3)
  3 centaur warriors (Vaults:1)
  2 anacondas
  A salamander tyrant (Snake:4)
  5 two-headed ogres
  2 ironbound frosthearts (Vaults:3)
  6 naga warriors
  A boulder beetle (Lair:3)
  2 dancing weapons (Elf:1)
  A tengu warrior (D:15)
  3 orc high priests
  3 shock serpents
  Sonja (D:12)
  A deep elf knight (Elf:1)
  A sea snake (Snake:4)
  5 bog bodies
  2 spriggan druids
  4 swamp dragons
  5 deep trolls
  A naga ritualist (Snake:3)
  2 wizards
  A phantasmal warrior (Vaults:4)
  A harpy (Vaults:1)
  An oklob plant (Lair:4)
  4 deep elf archers
  2 deep elf zephyrmancers
  3 ironbound convokers
  2 ugly things
  A mana viper (Snake:2)
  A necromancer (Lair:5)
  2 deep elf pyromancers (Elf:1)
  A salamander (shapeshifter) (D:14)
  A will-o-the-wisp (Swamp:2)
  2 salamanders (Snake:4)
  6 vault sentinels
  A human skeleton (Vaults:2)
  7 black mambas
  8 elephants
  2 guardian serpents
  6 naga magi
  A gargoyle (D:13)
  2 torpor snails (Lair:5)
  A freezing wraith (D:14)
  An efreet (D:13)
  2 rime drakes
  6 komodo dragons
  A tengu conjurer (D:14)
  4 tyrant leeches
  A meliai (D:15)
  8 hornets
  A blink frog (Lair:2)
  12 slime creatures
  8 spriggans
  A vampire (D:12)
  A wyvern (Lair:3)
  10 yaks
  2 water elementals (Elf:1)
  2 fire elementals (Snake:3)
  2 basilisks (Lair:3)
  A human (D:13)
  4 vampire mosquitoes
  2 wargs (D:10)
  4 swamp worms
  An acid dragon (D:13)
  11 nagas
  2 water moccasins
  4 swamp drakes
  An ice beast (D:11)
  3 orc warriors
  2 ogres (Orc:2)
  An elephant zombie (Lair:5)
  5 wolves
  3 centaurs (D:14)
  2 boggarts (D:15)
  3 bullfrogs
  An orc wizard (Swamp:3)
  2 killer bees (D:11)
  A howler monkey (D:13)
  8 orc priests
  A hell rat (Lair:2)
  6 orcs (Orc:2)
  An endoplasm (Lair:5)
  A kobold (D:9)
  2 butterflies (Lair:1)
283 creatures vanquished.

Vanquished Creatures (others)
  Nergalle (Vaults:2)
  An orc warlord (Swamp:3)
  2 orc high priests
  11 orc knights
  A wizard (Vaults:1)
  A black mamba (Snake:1)
  A water elemental (Elf:1)
  7 orc warriors
  2 humans (D:13)
  A naga (Snake:2)
  19 orc priests
  6 orc wizards
  45 orcs
  A kobold (D:4)
  4 foxfires
103 creatures vanquished.

Grand Total: 1349 creatures vanquished

Notes
Turn   | Place    | Note
-------+----------+-------------------------------------------
     0 | D:1      | Persephone the Hill Orc Fighter began the quest for the
                  | Orb.
     0 | D:1      | Reached XP level 1. HP: 19/19 MP: 1/1
    85 | D:1      | Reached XP level 2. HP: 19/27 MP: 2/2
   531 | D:1      | Reached XP level 3. HP: 33/33 MP: 3/3
   944 | D:2      | Reached XP level 4. HP: 28/41 MP: 4/4
  1081 | D:2      | Reached skill level 5 in Axes
  1616 | D:3      | Reached XP level 5. HP: 42/47 MP: 5/5
  1712 | D:3      | Noticed Natasha
  1715 | D:3      | Killed Natasha
  1716 | D:3      | Reached skill level 5 in Fighting
  1793 | D:3      | Noticed Ijyb
  1801 | D:3      | Killed Ijyb
  1940 | D:3      | Noticed Jessica
  1951 | D:3      | Killed Jessica
  1952 | D:3      | Reached XP level 6. HP: 50/56 MP: 6/6
  2133 | D:3      | Noticed Natasha
  2137 | D:3      | Killed Natasha
  2220 | D:3      | Identified the +9 ring mail of the Undertaker {-Cast rF++
                  | SInv}
  2402 | D:4      | You fall into a shaft and drop 3 floors!
  2432 | D:7      | Noticed an ice beast
  2443 | D:7      | Reached XP level 7. HP: 35/63 MP: 7/7
  2677 | D:7      | Found a sand-covered staircase.
  2684 | Ossuary  | Entered an ossuary
  2829 | Ossuary  | Reached XP level 8. HP: 71/73 MP: 8/8
  2838 | Ossuary  | Reached skill level 10 in Axes
  2880 | Ossuary  | Noticed a silent spectre
  2926 | Ossuary  | Identified a scroll of acquirement
  2926 | Ossuary  | Acquired the +10 broad axe "Veinut" {flame, Will+}
  3270 | D:5      | Entered Level 5 of the Dungeon
  3270 | D:5      | Noticed a troll
  3274 | D:5      | Killed a troll
  3285 | D:5      | Reached XP level 9. HP: 74/82 MP: 9/9
  3321 | D:5      | Noticed a two-headed ogre
  3326 | D:5      | Killed a two-headed ogre
  3375 | D:5      | Noticed Dowan
  3377 | D:5      | Noticed Duvessa
  3387 | D:5      | Killed Dowan
  3717 | D:4      | Became a worshipper of Beogh the Brigand
  3830 | D:4      | Found a staircase to the Ecumenical Temple.
  4243 | D:4      | Found an ornate altar of the Wu Jian Council.
  4327 | D:5      | Reached skill level 1 in Invocations
  4438 | D:5      | Noticed Edmund
  4444 | D:5      | Killed Edmund
  4479 | D:5      | Noticed Eustachio
  4482 | D:5      | Killed Duvessa
  4483 | D:5      | Reached skill level 10 in Fighting
  4490 | D:5      | Killed Eustachio
  4490 | D:5      | Reached * piety under Beogh
  4491 | D:5      | Reached XP level 10. HP: 50/93 MP: 10/12
  5209 | D:6      | Reached ** piety under Beogh
  5305 | D:6      | Noticed Prince Ribbit
  5326 | D:6      | Killed Prince Ribbit
  5327 | D:6      | Reached skill level 15 in Axes
  5903 | D:7      | Found a radiant altar of Vehumet.
  6457 | D:8      | Reached skill level 5 in Invocations
  6687 | D:8      | Found a snail-covered altar of Cheibriados.
  6688 | D:8      | Found a burning altar of Makhleb.
  7152 | D:9      | Found Toluv's General Store.
  7157 | D:9      | Noticed a centaur warrior
  7159 | D:9      | Reached *** piety under Beogh
  7171 | D:9      | Killed a centaur warrior
  7172 | D:9      | Reached XP level 11. HP: 80/102 MP: 15/15
  7586 | D:9      | Found Bievvaj's Antique Armour Emporium.
  7967 | D:9      | Gained Brunolf as an ally
  8002 | D:9      | Found Bokyem's Armour Emporium.
  8068 | D:9      | Found Idoud's Book Boutique.
  8115 | D:9      | Found Feluwewk's Antique Armour Shop.
  8124 | D:9      | Bought a transparent hat for 288 gold pieces
  8124 | D:9      | Identified the +1 hat "Jokur" {rElec Str+3} (You bought it
                  | in a shop on level 9 of the Dungeon)
  8195 | D:10     | Entered Level 10 of the Dungeon
  8244 | D:10     | Reached **** piety under Beogh
  8308 | D:10     | Found a staircase to the Orcish Mines.
  8353 | D:10     | Noticed a centaur warrior
  8360 | D:10     | Killed a centaur warrior
  8975 | D:11     | Noticed a green ugly thing
  8979 | D:11     | Killed a green ugly thing
  8998 | D:11     | Noticed a cyclops
  9004 | D:11     | Killed a cyclops
  9039 | D:11     | Noticed a fire dragon
  9047 | D:11     | Noticed a manticore
  9048 | D:11     | Noticed a skeletal warrior
  9050 | D:11     | Killed a fire dragon
  9054 | D:11     | Killed a manticore
  9061 | D:11     | Killed a skeletal warrior
  9062 | D:11     | Reached XP level 12. HP: 43/115 MP: 8/19
  9540 | D:11     | Reached skill level 10 in Invocations
  9647 | D:11     | Found a staircase to the Lair.
 10026 | Lair:1   | Entered Level 1 of the Lair of Beasts
 10246 | Lair:1   | Noticed a five-headed hydra
 10250 | Lair:1   | Killed a three-headed hydra
 11060 | Lair:2   | Found a staircase to the Snake Pit.
 11258 | Lair:2   | Noticed an eight-headed hydra
 11262 | Lair:2   | Killed a seven-headed hydra
 11805 | Lair:2   | Noticed Amaemon
 11810 | Lair:2   | Killed Amaemon
 11818 | Lair:2   | Reached skill level 15 in Fighting
 12075 | Lair:3   | Reached XP level 13. HP: 127/127 MP: 22/22
 12087 | Lair:3   | Killed Nessos
 12105 | Lair:3   | Your ally Brunolf died
 12191 | Lair:3   | You fall into a shaft and drop 1 floor!
 12308 | Lair:4   | Reached ***** piety under Beogh
 13418 | Lair:3   | Gained Bogdan as an ally
 13480 | Lair:3   | Found a staircase to the Swamp.
 13758 | Lair:5   | Entered Level 5 of the Lair of Beasts
 14126 | Lair:5   | Noticed a dire elephant
 14126 | Lair:5   | Noticed a dire elephant
 14126 | Lair:5   | Noticed a dire elephant
 14126 | Lair:5   | Noticed a dire elephant
 14133 | Lair:5   | Killed a dire elephant
 14163 | Lair:5   | Noticed a dire elephant
 14175 | Lair:5   | Killed a dire elephant
 14176 | Lair:5   | Reached skill level 15 in Invocations
 14177 | Lair:5   | Gained Grimold as an ally
 14445 | Lair:5   | Killed a dire elephant
 14448 | Lair:5   | Killed a dire elephant
 14453 | Lair:5   | Killed a dire elephant
 14807 | Lair:5   | Found a runed translucent door.
 14807 | Lair:5   | Found a viscous altar of Jiyva.
 14808 | Lair:5   | Found a staircase to the Slime Pits.
 14927 | Lair:5   | Found the +4 skin of Zhor {*Englaciate rC+++ SInv}
 15226 | Lair:5   | Reached XP level 14. HP: 123/140 MP: 26/26
 15348 | Lair:5   | Got the Precepts of the Destructive Retinue
 15641 | Orc:1    | Entered Level 1 of the Orcish Mines
 15641 | Orc:1    | Noticed Nergalle
 15648 | Orc:1    | Noticed Jorgrun
 15658 | Orc:1    | Killed Jorgrun
 15738 | Orc:1    | Found a frozen archway.
 15844 | Orc:2    | Entered Level 2 of the Orcish Mines
 15972 | Orc:2    | Noticed an orc warlord
 15978 | Orc:2    | Gained Ugrim as an ally
 16117 | Orc:2    | Found a roughly hewn altar of Beogh.
 16156 | Orc:2    | Gained Rocco as an ally
 16166 | Orc:2    | Found Jugenie's General Store.
 16166 | Orc:2    | Found Duare's Magic Scroll Boutique.
 16308 | Orc:2    | Found a staircase to the Elven Halls.
 16399 | Orc:2    | Found a burning altar of Makhleb.
 16741 | Orc:2    | Found Cuvasev's Distillery.
 16757 | Orc:2    | Found Esua's Armour Shoppe.
 17062 | Orc:1    | Found Aleoc's Antique Weapon Emporium.
 17231 | D:9      | Bought the +9 shortbow of Arrival {heavy, rF++ Int+3} for
                  | 1055 gold pieces
 17524 | D:12     | Killed Sonja
 17562 | D:12     | Reached ****** piety under Beogh
 19404 | D:13     | Found a gate to the Vaults.
 19545 | D:13     | Identified the +5 falchion "Killer Klown's Death" {heavy,
                  | Dex+3}
 19709 | D:9      | Bought a glowing kite shield for 240 gold pieces
 20174 | D:14     | Reached XP level 15. HP: 89/152 MP: 28/28
 20458 | D:14     | Gained Bogdan as an ally
 20705 | D:14     | Found a runed translucent door.
 20709 | D:14     | Noticed Jaliuk's ghost (journeyman DECj)
 20709 | D:14     | Noticed a sphinx
 21249 | D:14     | Upgraded the game from 0.30.0-10-gfe55d96785 to
                  | 0.30.0-11-gf55b779eaf
 21460 | Swamp:1  | Entered Level 1 of the Swamp
 21662 | D:15     | Entered Level 15 of the Dungeon
 21868 | D:15     | Reached skill level 5 in Armour
 21868 | D:15     | Reached skill level 5 in Shields
 21993 | D:15     | Found a transporter.
 22048 | D:15     | Found a transporter.
 22051 | D:15     | Found a transporter.
 22327 | D:15     | Found a transporter.
 22557 | D:15     | Found a staircase to the Depths.
 22557 | D:15     | Noticed a frost giant
 22561 | D:15     | Killed a frost giant
 23076 | Swamp:1  | Noticed a fenstrider witch
 23085 | Swamp:1  | Killed a fenstrider witch
 23192 | Swamp:1  | Identified the +11 arbalest of Qiyp {flame, rElec Str+5}
 23982 | Swamp:2  | Noticed a thorn hunter
 23987 | Swamp:2  | Killed a thorn hunter
 24165 | Swamp:2  | Gained Orkwin as an ally
 24290 | Swamp:2  | Gained Hilgar as an ally
 24515 | Swamp:3  | Gained Hilgar as an ally
 24516 | Swamp:3  | Your ally Orkwin died
 24536 | Swamp:3  | Your ally Ugrim died
 24581 | Swamp:3  | Found the +8 mithril axe "Arga" {speed, Will+}
 24781 | Swamp:3  | Reached XP level 16. HP: 165/165 MP: 29/29
 24783 | Swamp:3  | Noticed Bai Suzhen
 24800 | Swamp:3  | Killed Bai Suzhen
 24801 | Swamp:3  | Reached skill level 1 in Dodging
 24807 | Swamp:3  | Your ally Grimold died
 25527 | Swamp:4  | Entered Level 4 of the Swamp
 25664 | Swamp:4  | Your ally Rocco died
 25667 | Swamp:4  | Your ally Hilgar died
 25685 | Swamp:4  | Your ally Bogdan died
 25688 | Swamp:4  | Your ally Hilgar died
 25920 | Swamp:4  | Noticed the 27-headed Lernaean hydra
 25921 | Swamp:4  | Killed the 26-headed Lernaean hydra
 26121 | Swamp:4  | Got a decaying rune of Zot
 26669 | Elf:1    | Entered Level 1 of the Elven Halls
 27299 | Elf:1    | Paralysed by an air elemental for 1 turns
 27602 | Elf:1    | You fall into a shaft and drop 1 floor!
 27733 | Elf:1    | Noticed Agnes
 27733 | Elf:1    | Noticed Donald
 27735 | Elf:1    | Your ally Hilgar died
 27736 | Elf:1    | Killed Donald
 27738 | Elf:1    | Killed Agnes
 27742 | Elf:1    | Noticed a Hell Sentinel
 27770 | Elf:1    | Gained mutation: Your body sometimes deteriorates upon
                  | taking damage. [a cacodemon]
 27821 | Elf:1    | Noticed a Hell Sentinel
 27822 | Elf:1    | Your ally Bogdan died
 28387 | Slime:1  | Entered Level 1 of the Pits of Slime
 28507 | Snake:1  | Entered Level 1 of the Snake Pit
 28568 | Snake:1  | Noticed Aizul
 28584 | Snake:1  | Killed Aizul
 28585 | Snake:1  | Reached XP level 17. HP: 115/173 MP: 21/31
 29524 | Snake:1  | Found Pelliyb's Neck Hole.
 29529 | Snake:1  | Bought the +1 cloak "Guim" {Drain rC+++ rN+ Stlth+} for 687
                  | gold pieces
 30262 | Snake:2  | Reached skill level 5 in Dodging
 30565 | Snake:2  | Reached skill level 10 in Shields
 30609 | Snake:3  | Reached skill level 10 in Armour
 30764 | Snake:3  | Noticed Mlioglotl
 30770 | Snake:3  | Killed Mlioglotl
 30793 | Snake:3  | Noticed Azrael
 30799 | Snake:3  | Killed Azrael
 31213 | Snake:3  | Found Lyurghag's Assorted Antiques.
 31213 | Snake:3  | Noticed Vashnia
 31218 | Snake:3  | Killed Vashnia
 31222 | Snake:3  | Found Pyuryoxt's Book Shoppe.
 31497 | Snake:4  | Entered Level 4 of the Snake Pit
 32174 | Snake:4  | Found a transporter.
 32177 | Snake:4  | Noticed Akuuror's ghost (adept GrFi)
 32193 | Snake:4  | Found a transporter.
 32306 | Snake:4  | Reached XP level 18. HP: 184/184 MP: 32/32
 32543 | Snake:4  | Reached skill level 1 in Evocations
 32857 | Snake:4  | Identified the +7 plate armour of the Healing Gods {rF-
                  | Str+3 Dex+5}
 33540 | Snake:4  | Got a serpentine rune of Zot
 34124 | Snake:4  | Identified the +1 pair of boots of Time Monsters {Dex+2}
 34777 | Vaults:1 | Entered Level 1 of the Vaults
 35340 | Vaults:1 | Identified the +1 arbalest of Amortisation {drain, rPois
                  | Int+3 Dex-3}
 36112 | Vaults:1 | Reached XP level 19. HP: 28/193 MP: 34/34
 37336 | Vaults:2 | Reached skill level 5 in Evocations
 37387 | Vaults:2 | Your ally Nergalle died
 37777 | Vaults:2 | Found Fapu's Magic Scroll Boutique.
 37833 | Vaults:2 | Gained Warrok as an ally
 37841 | Vaults:2 | Your ally Warrok died
 37958 | Vaults:2 | Gained Bogfrid as an ally
 38044 | Vaults:2 | Gained Urtork as an ally
 38247 | Vaults:2 | Found Deucwig's Magic Scroll Boutique.
 38394 | Vaults:2 | Found Afabues's Weapon Emporium.
 38635 | Vaults:2 | Found a staircase to the Crypt.
 39570 | Vaults:3 | Your ally Urtork died
 40988 | Vaults:4 | Reached XP level 20. HP: 189/204 MP: 35/35
 41814 | Vaults:5 | Entered Level 5 of the Vaults
 43584 | Vaults:4 | Paralysed by a sphinx for 4 turns
 43587 | Vaults:4 | HP: 3/204 [titan (14)]
 43587 | Vaults:4 | Mangled by a sphinx

Illustrated notes

Levels and vault maps discovered:
D:1:      heliophobic_arrival_henge, layout_basic,
          chequers_serial_rivers_room_b, minmay_tetromino_i2
D:2:      layout_rooms, minmay_mini_jars
D:3:      minmay_bubble_buster, layout_loops_ring, uniq_ijyb, uniq_natasha,
          uniq_jessica
D:4:      cheibrodos_old_hovel, layout_loops_cross,
          nicolae_wu_jian_immortal_techniques, minmay_temple_entry_junction_2
D:5:      layout_basic, st_stairs_2, nzn_random_ring, uniq_eustachio,
          uniq_edmund, uniq_duvessa
D:6:      layout_rooms, uniq_prince_ribbit1
D:7:      layout_cave_pods, lemuel_round_altar,
          nicolae_ossuary_entry_false_entrances
D:8:      layout_basic, chequers_temple_overflow_statue_of_worship,
          serial_rivers, chequers_serial_rivers_micro_a,
          chequers_serial_rivers_marsh, chequers_serial_rivers_micro_a,
          chequers_serial_rivers_micro_d, sigmund_army
D:9:      cheibrodos_statue_roulette, layout_loops_ring, serial_glass,
          glass_columns_b, glass_columns_a, glass_columns_a, glass_columns_c,
          serial_shops, nicolae_shop_getting_attention, shop,
          nicolae_shop_behind_doors, shop, nicolae_lakefront_shop
D:10:     layout_roguey, erik_orc_4
D:11:     minmay_cornered_nines, layout_small_grid, hellmonk_lair_entry_icy,
          serial_bayou_ford_a
D:12:     layout_grid_maze, uniq_sonja
D:13:     layout_basic, ximxim_vaults_locker_room
D:14:     layout_loops_corners, ebering_ghost_inner_flame, st_stairs_1
D:15:     grunt_enter_depths_snipers, layout_loops_ring, solitary_fountain,
          nicolae_transporter_circle
Lair:1:   wander_river, layout_cave_pods, amcnicky_mini_pool_medium,
          lemuel_fruit_fields
Lair:2:   layout_loops_ring, guppyfry_snake_entry_island, beast_lair_carwin_6,
          uniq_amaemon
Lair:3:   layout_gridlike, nicolae_swamp_entry_spooky, grunt_megastairs_4,
          serial_bayou_shore_b, infiniplex_staircase_pool, uniq_nessos
Lair:4:   layout_cellular_growth, infiniplex_staircase_pool_2,
          serial_bayou_shore_b
Lair:5:   due_jungle_book, layout_long_grid, slime_entry_2, minivault_26,
          hellmonk_guarded_unrand_zhor
Swamp:1:  layout_basic_swamp, nicolae_swamp_dense_foliage
Swamp:2:  cheibrodos_swamp_tower_of_moss, layout_falls_marsh,
          evilmike_swamp_ruin_house_2, swamp_pool1
Swamp:3:  layout_basic_swamp, hangedman_swamp_ruin_hall, uniq_bai_suzhen
Swamp:4:  grunt_swamp_rune_castle, layout_basic_swamp
Snake:1:  layout_concentric_octagons, nicolae_shop_sticking_my_neck_out,
          uniq_aizul
Snake:2:  layout_rooms, nicolae_snake_biting_tails, st_stairs_5,
          nicolae_snake_salamander_jacuzzi
Snake:3:  nicolae_snake_attic_fulla_snakes, layout_misc_corridors,
          minmay_shop_star, uniq_mlioglotl, uniq_azrael, uniq_vashnia
Snake:4:  grunt_snake_rune_pools, layout_rooms,
          gammafunk_ghost_berserking_beasts, nicolae_snake_salamander_fort
Slime:1:  layout_caves
Orc:1:    layout_caves, serial_shops, nicolae_shop_pleasant_corner_grove,
          portal_ice_cave_entry_pillars_1, uniq_nergalle, uniq_snorg,
          uniq_jorgrun
Orc:2:    st_orc_town, layout_diamond_mine, basic_altar
Elf:1:    layout_gridlike, enter_trove_5, minivault_28,
          nicolae_elf_deep_friendship, uniq_agnes, uniq_donald, uniq_nikola
Elf:2:    elven_hall_of_blades_hangedman_alternative [nicolae_blade_bullseye],
          layout_geoelf_octagon
Vaults:1: v_misc_12, nicolae_vaults_network_star, nicolae_vaults_weapon_check,
          v_misc_27, v_misc_27, v_rooms_2, nicolae_vaults_rhombus_6, v_misc_8,
          nicolae_vaults_trapezoid_4, nicolae_vaults_asterisk,
          nicolae_vaults_diagonal_hallway_7, layout_vaults_omnicross
Vaults:2: minmay_crypt_entry_skeletal_spiral, nicolae_vaults_two_Ls, v_misc_29,
          nicolae_vaults_apartment_2, nicolae_vaults_spaceships,
          nicolae_vaults_tangram_2, v_misc_14, ontoclasm_vaults_idyll,
          vaults_mumra_lcd, nicolae_vaults_surprise_closet,
          nicolae_vaults_closet_pinwheel_2, v_misc_27, st_check,
          nicolae_vaults_wine_cellar, layout_vaults_maze_snakey, serial_shops,
          shop, shop, nicolae_shop_competitors_out_of_business
Vaults:3: v_rooms_5, vaults_room_stairs_pillars, v_misc_27,
          ontoclasm_vaults_decontamination, vaults_standard_mumra_lines,
          nicolae_vaults_more_shelving_1, nicolae_vaults_apartment_2,
          vaults_room_ringed_pool, nicolae_vaults_tetromino_T_1,
          layout_vaults_omnibox
Vaults:4: hangedman_vaults_capsules, nicolae_vaults_trapezoid_lopsided_1,
          nicolae_vaults_diamond_1, v_misc_10, vaults_room_pools,
          nicolae_vaults_big_ls, v_misc_26, v_misc_4, v_rooms_3,
          vaults_dpeg_ring, ontoclasm_vaults_shuriken, vaults_dpeg_hooks,
          layout_vaults_quadrants
Vaults:5

Skill      XL: |  1  2  3  4  5  6  7  8  9 10 11 12 13 14 15 16 17 18 19 20 |
---------------+-------------------------------------------------------------+-----
Axes           | 3 4 5 6 8 9 12 14 16 18 | 18.0
Fighting       | 4 5 6 7 8 10 11 13 15 17 19 20 21 22 23 | 23.5
Invocations    | 2 6 9 13 16 18 19 20 21 22 23 | 23.7
Armour         | 7 9 10 12 13 14 | 14.1
Shields        | 7 9 10 12 13 14 | 14.1
Dodging        | 4 6 |  6.2
Evocations     | 4 7 8 |  8.5

Action                     |  1- 3 |  4- 6 |  7- 9 | 10-12 | 13-15 | 16-18 | 19-21 || total
---------------------------+-------+-------+-------+-------+-------+-------+-------++-------
  Melee: War axe           |    76 |   122 |       |       |       |       |       ||   198
         Battleaxe         |       |    24 |    67 |       |       |       |       ||    91
         Broad axe         |       |       |   115 |   416 |   511 |   706 |   515 ||  2263
 Invoke: Convert to Beogh  |       |       |     1 |       |       |       |       ||     1
         Smiting           |       |       |       |     5 |     9 |    34 |     3 ||    51
         Recall Orcish Fol |       |       |       |     4 |    14 |    20 |     6 ||    44
         Give Item to Name |       |       |       |       |     3 |     2 |     2 ||     7
         Resurrection      |       |       |       |       |       |     1 |       ||     1
  Evoke: Box of beasts     |       |       |       |       |       |     1 |     1 ||     2
    Use: Scroll            |       |     5 |     3 |    17 |     3 |    18 |       ||    46
         Potion            |       |     1 |     1 |       |       |     6 |     2 ||    10
   Stab: Distracted        |       |       |       |       |     8 |    14 |     5 ||    27
         Confused          |       |       |       |       |     1 |       |       ||     1
         Sleeping          |       |       |       |       |       |       |     5 ||     5
 Armour: Scale mail        |    36 |    52 |       |       |       |       |       ||    88
         Ring mail         |       |     6 |   107 |   135 |   168 |   231 |   188 ||   835
  Dodge: Dodged            |    34 |    44 |    79 |   130 |   120 |   214 |   128 ||   749
  Block: Buckler           |    18 |    65 |    46 |   151 |   114 |       |       ||   394
         Reflection        |       |     1 |     1 |    10 |    15 |    98 |    25 ||   150
         Other             |       |     6 |    17 |       |       |       |       ||    23
         Kite shield       |       |       |       |       |   132 |   674 |     3 ||   809
         Tower shield      |       |       |       |       |       |       |   581 ||   581
